 Dungeon Crawl Stone Soup version 0.30-a0-777-ga9a30cbeda (webtiles) character file.

Game seed: 11589510573183519703

4 mopl the Sneak (level 1, 0/11 HPs)
             Began as a Vine Stalker Brigand on Feb 13, 2023.
             Constricted to death by a ball python (1 damage)
             ... on level 1 of the Dungeon.
             The game lasted 00:00:22 (122 turns).

mopl the Sneak (Vine Stalker Brigand)                Turns: 122, Time: 00:00:22

Health: 0/11       AC:  3    Str: 13    XL:     1   Next: 70%
Magic:  0/2        EV:  8    Int: 11    God:
Gold:   0          SH:  0    Dex: 15    Spells: 0/0 levels left

rFire   . . .      SeeInvis .    a - +2 dagger
rCold   . . .      Faith    .    (no shield)
rNeg    . . .      Spirit   +    b - +0 robe
rPois   .          Reflect  .    (no helmet)
rElec   .          Harm     .    c - +0 cloak
rCorr   .          Rampage  .    (no gloves)
Will    .....                    (no boots)
Stlth   +++                      (no amulet)
HPRegen 0.21/turn                (no ring)
MPRegen 0.08/turn                (no ring)

@: lethally poisoned (0 -> -2), constricted
A: fangs 2, magic shield, antimagic bite, no potion heal 2
a: no special abilities


You were on level 1 of the Dungeon.
You visited 1 branch of the dungeon, and saw 1 of its levels.

Inventory:

Hand Weapons
 a - a +2 dagger (weapon)
Missiles
 d - 9 poisoned darts (quivered)
 e - 3 curare-tipped darts
Armour
 b - a +0 robe (worn)
 c - a +0 cloak (worn)
Scrolls
 f - 2 scrolls of identify
 g - 2 scrolls of teleportation
 h - a scroll of noise {unknown}


   Skills:
 - Level 1.7 Fighting
 + Level 1.9 Short Blades
 + Level 1.9 Throwing
 - Level 0.7 Dodging
 + Level 5.0 Stealth


You couldn't memorise any spells.
You didn't know any spells.
Your spell library contained the following spells:

 Spells                   Type           Power      Damage    Failure   Level
 Tukima's Dance           Hex            0%         N/A       71%         3
 Passage of Golubria      Tloc           0%         N/A       98%         4
 Yara's Violent Unravell  Hex/Tmut       0%         3d3       100%        5


Dungeon Overview and Level Annotations

Branches:
Dungeon (1/15)

Altars:


Innate Abilities, Weirdness & Mutations

You have extremely sharp teeth.
When hurt, damage is shared between your health and your magic reserves.
Your bite disrupts and absorbs the magic of your enemies.
Potions cannot restore your health.


Message History

You kill the frilled lizard!
The kobold barely misses you.
You see here a frilled lizard corpse.
You barely miss the kobold. You bite the kobold. You drain its power.
The kobold is heavily wounded.
The kobold misses you.
You closely miss the kobold.
The kobold is heavily wounded.
The kobold hits you with a +1 dagger of venom.
You are poisoned.
You hit the kobold.
You kill the kobold!
You feel sick.
Your Stealth skill increases to level 5!
You closely miss the ball python. You bite the ball python.
You drain its power.
You feel invigorated.
The ball python is severely wounded.
The ball python bites you. The ball python grabs you.
The ball python constricts you. The jackal bites you.
The ball python bites you. The ball python constricts you.
* * * LOW HITPOINT WARNING * * *
You are too injured to fight recklessly!
Unknown command.
The ball python's grasp on you weakens, but your attempt to escape fails.
* * * LOW HITPOINT WARNING * * *
You feel sick.
The jackal bites you but does no damage.
The hobgoblin barely misses you. The ball python barely misses you.
The ball python constricts you. The jackal barely misses you.
You aren't carrying any potions.
As you read the scroll labelled YTIURASUTI, it crumbles to dust.
It is a scroll of identify.
g - 2 scrolls of teleportation
* * * LOW HITPOINT WARNING * * *
You feel sick.
The jackal bites you but does no damage.
The hobgoblin barely misses you. The jackal closely misses you.
The ball python bites you but does no damage.
The ball python constricts you.
You die...

. #.# ..
#.# ##.
#.# #...
#.#
..g..###.#
.~~~..)..#
.~..##..#
.. #.g.#
#S@.#
......hh.#
.......#.#
)........#
#.########
.


You could see 2 jackals, a hobgoblin and a ball python.

Vanquished Creatures
  A bat (D:1)
  A goblin (D:1)
  A kobold (D:1)
  A frilled lizard (D:1)
4 creatures vanquished.

Vanquished Creatures (others)
  A fungus (D:1)
1 creature vanquished.

Grand Total: 5 creatures vanquished

Notes
Turn   | Place    | Note
-------+----------+-------------------------------------------
     0 | D:1      | mopl the Vine Stalker Brigand began the quest for the Orb.
     0 | D:1      | Reached XP level 1. HP: 11/11 MP: 2/2
   120 | D:1      | Reached skill level 5 in Stealth
   122 | D:1      | Constricted to death by a ball python

Illustrated notes

Levels and vault maps discovered:
D:1:      matt_arrival_refuge, layout_basic, nrook_loot_triangle,
          amcnicky_mini_pool_small, dreamdust_mushroom_princess

Skill      XL: |  1 |
---------------+----+-----
Stealth        | 5 |  5.0
Fighting       | |  1.7
Short Blades   | |  1.9
Throwing       | |  1.9
Dodging        | |  0.7

Action                     || total
---------------------------++-------
  Melee: Dagger            ||    12
         Bite              ||     3
    Use: Scroll            ||     1
 Armour: Robe              ||     9
  Dodge: Dodged            ||    11

Table legend: (Time is in decaauts)
 A = Elapsed time spent in this place.
 B = Non-inter-level travel time spent in this place.
 C = Inter-level travel time spent in this place.
 D = Time resting spent in this place.
 E = Time spent auto-exploring this place.
 F = Levels seen in this place.
 G = Mean time per level.
                   A        B        C        D        E       F      G
               +--------+--------+--------+--------+--------+-----+--------+
         Total |    121 |    121 |      0 |      0 |     85 |   1 |  121.0 |
       Dungeon |    121 |    121 |      0 |      0 |     85 |   1 |  121.0 |
               +--------+--------+--------+--------+--------+-----+--------+

Top non-repeatable levels by time:
     D:1: 121 daAuts
